AoeStats
← micely

Arena

510224296Analyzed
3v3 RM · 1d ago on Sep 30, 2026· 40m 20s· 6 players
Game mode
Random Map
Map size
Normal (6 player)
Population
200
Speed
Normal
Resources
Standard
Victory
Conquest
Starting age
Dark Age
Ending age
Imperial Age
RankedLock teamsTeams togetherTeam positionsShared explorationLock speedFull tech treeHidden civsTurbo modeCheats
Victory
Defeat
🇧🇷 Hindustanis · Brazil
798
+14
🇧🇷 Japanese · Brazil
794
+28
🇧🇷 Vietnamese · Brazil
769
+15
🇺🇸 Chinese · United States
762
-15
🇺🇸 Hindustanis · United States
756
-15
🇺🇸 Huns · United States
718
-13
Jimmz
8:12 Loom
10:29 Feudal Age
15:04 Castle Age
13:23 Double-Bit Axe
16:16 Horse Collar
17:01 Bow Saw
20:44 Wheelbarrow
21:36 Gold Mining
23:31 Hand Cart
23:19 Heavy Plow
23:37 Stone Mining
27:34 Bloodlines
27:31 Husbandry
28:40 Forging
29:53 Scale Barding Armor
30:59 Iron Casting
31:37 Chain Barding Armor
35:58 Imperial Age
35:49 Light Cavalry
38:55 Plate Barding Armor
39:21 Blast Furnace
38:14 Hussar
skywalkeratat
0:35 Loom
9:50 Feudal Age
13:32 Double-Bit Axe
18:58 Castle Age
17:43 Gold Mining
20:31 Wheelbarrow
20:04 Horse Collar
21:58 Heavy Plow
27:01 Bloodlines
27:10 Scale Barding Armor
30:53 Caravan
31:52 Fletching
32:02 Padded Archer Armor
32:43 Hand Cart
33:49 Leather Archer Armor
34:32 Bodkin Arrow
35:27 Gold Shaft Mining
35:19 Great Wall
40:34 Ballistics
micely
13:05 Feudal Age
14:22 Wheelbarrow
14:37 Double-Bit Axe
14:46 Horse Collar
15:34 Gold Mining
18:29 Stone Mining
24:51 Castle Age
23:06 Bloodlines
23:16 Forging
23:13 Scale Barding Armor
25:33 Husbandry
25:58 Hand Cart
26:03 Heavy Plow
29:39 Iron Casting
29:29 Chain Barding Armor
31:18 Caravan
32:03 Gold Shaft Mining
31:47 Bow Saw
Gustavo
0:28 Loom
11:47 Feudal Age
15:07 Castle Age
13:23 Double-Bit Axe
18:11 Horse Collar
18:44 Bow Saw
18:28 Gold Mining
23:22 Wheelbarrow
27:03 Heavy Plow
27:20 Scale Barding Armor
29:12 Hand Cart
29:33 Stone Mining
30:19 Gold Shaft Mining
31:28 Caravan
33:40 Chain Barding Armor
36:33 Imperial Age
34:43 Bloodlines
34:34 Husbandry
36:15 Pikeman
38:28 Stone Shaft Mining
39:50 Plate Barding Armor
39:06 Heavy Camel Rider
39:49 Elite Skirmisher
RodrigoOBOM
7:31 Loom
10:48 Feudal Age
15:01 Castle Age
13:20 Double-Bit Axe
13:35 Horse Collar
23:49 Bow Saw
27:54 Pikeman
28:51 Forging
31:47 Iron Casting
40:09 Imperial Age
38:34 Heavy Plow
41:19 Conscription
Daniel
10:32 Feudal Age
16:28 Castle Age
15:06 Double-Bit Axe
15:09 Horse Collar
18:05 Wheelbarrow
17:16 Loom
18:04 Bow Saw
17:59 Heavy Plow
30:06 Imperial Age
29:47 Forging
29:37 Scale Mail Armor
29:28 Fletching
29:40 Padded Archer Armor
29:03 Elite Skirmisher
30:45 Hand Cart
31:10 Iron Casting
30:38 Gold Mining
31:30 Elite Fire Lancer
32:29 Chain Mail Armor
33:55 Ballistics
34:36 Chemistry
33:10 Pikeman
33:51 Squires
33:36 Arson
34:27 Halberdier
Connection lost

Rejoining the realm…

Still unreachable

The connection could not be restored.

Session expired

The server has moved on; the page needs a fresh start.